 Dungeon Crawl Stone Soup version 0.31.0-9-g3a7656b989 (webtiles) character file.

Game seed: 1293842489628440754

258 qw the Skirmisher (level 5, 0/30 HPs)
             Began as a Deep Elf Hunter on Feb 2, 2024.
             Incinerated by a bombardier beetle (1 damage)
             ... with a burning spray
             ... on level 4 of the Dungeon.
             The game lasted 00:00:08 (2519 turns).

qw the Skirmisher (Deep Elf Hunter)                 Turns: 2519, Time: 00:00:08

Health: 0/30       AC:  7    Str: 10    XL:     5   Next: 94%
Magic:  0/7        EV: 11    Int: 14    God:
Gold:   89         SH:  0    Dex: 18    Spells: 4/4 levels left

rFire   . . .        a - +0 shortbow (heavy)
rCold   . . .        (shield currently unavailable)
rNeg    . . .        i - +1 ring mail
rPois   +            (no helmet)
rElec   .            f - +0 cloak {rPois}
rCorr   .            (no gloves)
SInv    .            (no boots)
Will    .....        j - amulet of guardian spirit
Stlth   +            (no ring)
HPRegen 0.25/turn    (no ring)
MPRegen 0.10/turn

%: guardian spirit
@: on fire, glowing
A: no striking features
a: no special abilities


You were on level 4 of the Dungeon.
You visited 1 branch of the dungeon, and saw 4 of its levels.

You collected 89 gold pieces.


   Skills:
 - Level 2.2 Fighting
 + Level 9.1 Ranged Weapons
 - Level 2.4 Dodging
 - Level 1.2 Stealth


You had 4 spell levels left.
You didn't know any spells.
Your spell library was empty.

Inventory:

Hand Weapons
 a - a +0 heavy shortbow (weapon)
Armour
 f - a +0 cloak of poison resistance (worn)
 i - a +1 ring mail (worn)
Jewellery
 j - an amulet of guardian spirit (around neck)
Scrolls
 b - a scroll of brand weapon
 e - a scroll of identify
 h - 2 scrolls of teleportation
Potions
 c - a potion of magic {unknown}
 d - a potion of haste
 g - a potion of mutation
 l - a potion of curing

Dungeon Overview and Level Annotations

Branches:
Dungeon (4/15)
 Temple: D:4-7

Altars:

Shops:
D:2 [


Message History

d - a potion of haste You open the door.
A bombardier beetle comes into view.
There is an open door here.
You shoot an arrow.
The arrow barely misses the bombardier beetle.
You shoot an arrow.
The arrow hits the bombardier beetle but does no damage.
You shoot an arrow. The arrow hits the bombardier beetle.
The bombardier beetle is moderately wounded.
You shoot an arrow. The arrow hits the bombardier beetle!
The bombardier beetle is severely wounded.
The bombardier beetle sprays incendiary fluid at you.
The burning spray hits you.
You are covered in liquid fire!
You shoot an arrow. The arrow hits the bombardier beetle!
You kill the bombardier beetle!
The liquid fire burns you!
Your Fighting skill increases to level 2!
You are on fire!
The liquid fire burns you!
You are on fire!
The liquid fire burns you!
You are on fire!
The liquid fire burns you!
You are on fire!
The liquid fire burns you!
You are on fire!
The liquid fire burns you!
You are on fire!
The liquid fire burns you!
You are on fire!
The liquid fire burns you!
You are on fire!
The liquid fire burns you!
You are on fire!
The liquid fire burns you!
You are on fire!
The liquid fire burns you!
You die...

.....######## ##
#....#......#
#..###....#......#
..........#......#
<.........#......+ .
..........#......##+##..
#..####'###.............
#..#.......##'###.......
...#.......#....@.......
...#.......#....#.......
...#.......#¤¤..#.......
...¤~~~~~.¤~¤¤¤.#.......
...#¤####+####~.#.......
###### ##.........
#.#####... #.# ... .#


There were no monsters in sight!

Vanquished Creatures
  2 bombardier beetles
  Jessica (D:3)
  Terence (D:3)
  An orc wizard (D:3)
  3 gnolls (D:3)
  An adder (D:2)
  A ribbon worm (D:3)
  2 dart slugs (D:1)
  5 orcs (D:3)
  5 ball pythons
  7 endoplasms
  5 giant cockroaches
  4 goblins
  2 hobgoblins (D:1)
  4 jackals (D:3)
  3 quokkas
  9 bats
  4 frilled lizards
  5 kobolds
  4 rats
69 creatures vanquished.

Notes
Turn   | Place    | Note
-------+----------+-------------------------------------------
     0 | D:1      | qw the Deep Elf Hunter began the quest for the Orb.
     0 | D:1      | Reached XP level 1. HP: 12/12 MP: 3/3
     0 | D:1      | 0 ||| qw: Version: 0.3-a-155-g5e7d8dd
     0 | D:1      | 0 ||| qw: Game counter: 763
     0 | D:1      | 0 ||| qw: Melee chars always use a shield: true
     0 | D:1      | 0 ||| qw: God list: Okawaru
     0 | D:1      | 0 ||| qw: Allow faded altars: false
     0 | D:1      | 0 ||| qw: Do Orc after clearing Dungeon:15 true
     0 | D:1      | 0 ||| qw: Do second Lair branch before Depths: true
     0 | D:1      | 0 ||| qw: Lair rune preference: random
     0 | D:1      | 0 ||| qw: Goals: Normal
     0 | D:1      | 0 ||| PLANNING D:1-11
   134 | D:1      | Noticed a glass eye
   136 | D:1      | Found a faded altar of an unknown god.
   138 | D:1      | Noticed a glass eye
   138 | D:1      | Noticed a great orb of eyes
   138 | D:1      | Noticed a great orb of eyes
   240 | D:1      | Reached XP level 2. HP: 16/16 MP: 4/4
   249 | D:1      | Reached skill level 6 in Ranged Weapons
   408 | D:1      | Reached XP level 3. HP: 20/20 MP: 5/5
   850 | D:1      | 850 ||| UPGRADING to +0 ring mail.
   860 | D:1      | 860 ||| DROPPING +0 leather armour.
   861 | D:1      | 861 ||| UPGRADING to amulet of guardian spirit.
   866 | D:1      | 866 ||| READING scroll labelled PAHUOMUWIOC.
   866 | D:1      | 866 ||| ENCHANTING +0 ring mail.
   867 | D:1      | 867 ||| READING scroll labelled XYSUZO IRHOS.
   867 | D:1      | 867 ||| BRANDING +0 shortbow.
   868 | D:1      | 868 ||| READING scroll labelled PUSONE RODI.
   869 | D:1      | 869 ||| READING 2 scrolls labelled PEIFUTTIGG.
   874 | D:1      | 874 ||| DROPPING scroll of butterflies.
   891 | D:2      | Found Boshralept's Armour Emporium.
   894 | D:2      | 894 ||| SHOPLISTING +0 helmet (49 gold, have 14).
   894 | D:2      | 894 ||| SHOPLISTING +3 leather armour of poison resistance
                  | (231 gold, have 14).
   894 | D:2      | 894 ||| SHOPLISTING +4 pair of boots of the Jackalope
                  | {rElec Will+ Dex+3} (554 gold, have 14).
  1008 | D:2      | Reached skill level 7 in Ranged Weapons
  1472 | D:2      | 1472 ||| UPGRADING to +0 cloak of poison resistance.
  1477 | D:2      | 1477 ||| READING scroll labelled AWEUJ CIKYS.
  1478 | D:2      | 1478 ||| READING scroll labelled PEKLOBENO QUUNG.
  1579 | D:2      | 1579 ||| DRINKING 2 puce potions.
  1580 | D:2      | 1580 ||| DRINKING clear potion.
  1581 | D:2      | 1581 ||| DRINKING fizzy inky potion.
  1582 | D:2      | 1582 ||| DRINKING bubbling sapphire potion.
  1583 | D:2      | 1583 ||| DRINKING 2 golden potions.
  1584 | D:2      | 1584 ||| DROPPING potion of ambrosia.
  1685 | D:3      | Reached XP level 4. HP: 25/25 MP: 6/6
  1761 | D:3      | Reached skill level 8 in Ranged Weapons
  1849 | D:3      | Noticed Jessica
  1856 | D:3      | Killed Jessica
  1857 | D:3      | Reached XP level 5. HP: 27/29 MP: 5/7
  2108 | D:3      | Noticed Terence
  2116 | D:3      | Killed Terence
  2123 | D:3      | Reached skill level 9 in Ranged Weapons
  2123 | D:3      | 2123 ||| FLEEEEING.
  2125 | D:3      | 2125 ||| FLEEEEING.
  2126 | D:3      | 2126 ||| FLEEEEING.
  2449 | D:3      | 2449 ||| DROPPING amulet of magic regeneration.
  2450 | D:3      | 2450 ||| READING scroll labelled IPETSA OG JAFA.
  2451 | D:3      | 2451 ||| READING 2 scrolls labelled WOLYFF JECEGH.
  2451 | D:3      | 2451 ||| IDENTIFYING fuming inky potion
  2515 | D:4      | HP: 6/30 [burnt (4)]
  2518 | D:4      | HP: 1/30 [burnt (3)]
  2519 | D:4      | Incinerated by a bombardier beetle

Levels and vault maps discovered:
D:1:      dpeg_arrival_solitude, layout_basic,
          hellmonk_ecumenical_altar_watching_god
D:2:      layout_loops_ring, serial_shops, shop, minmay_misc_feat_roman
D:3:      layout_loops_ring, minmay_misc_feat_tiny, uniq_jessica, uniq_terence
D:4:      layout_gridville, lightli_temple_of_fire,
          hellmonk_ghost_happy_afterlife, serial_shops, nicolae_shop_waterfront,
          hex_medium, chequers_serial_rivers_micro_c

Skill      XL: |  1  2  3  4  5 |
---------------+----------------+-----
Ranged Weapons | 6 7 8 9 |  9.1
Fighting       | 2 |  2.2
Dodging        | |  2.4
Stealth        | |  1.2

Action                     |  1- 3 |  4- 6 || total
---------------------------+-------+-------++-------
   Fire: Shortbow          |    94 |    73 ||   167
    Use: Scroll            |     6 |     2 ||     8
         Potion            |     5 |       ||     5
 Armour: Leather armour    |    12 |       ||    12
         Ring mail         |     1 |    40 ||    41
  Dodge: Dodged            |    16 |    25 ||    41

Table legend:
 A = Non-vault XP
 B = Vault XP
 C = Vault XP percentage of total XP
 D = Non-vault monster count
 E = Vault monster count
 F = Vault count percentage of total count
                 A         B        C        D         E       F
            +---------+---------+-------+---------+---------+-------
      Total |     296 |      73 |  19.8 |      67 |       2 |   2.9
            +---------+---------+-------+---------+---------+-------
        D:1 |      54 |       0 |   0.0 |      31 |       0 |   0.0
        D:2 |      26 |       0 |   0.0 |       9 |       0 |   0.0
        D:3 |     166 |      73 |  30.5 |      25 |       2 |   7.4
        D:4 |      50 |       0 |   0.0 |       2 |       0 |   0.0
            +---------+---------+-------+---------+---------+-------
